 Dungeon Crawl Stone Soup version 0.31-a0-544-gceb718ecc6 (webtiles) character file.

Game seed: 2508313589987178549

1168 MackTheKnife the Martial Artist (level 8, -1/54 HPs)
             Began as an Octopode Shapeshifter on Aug 15, 2023.
             Was an Initiate of Gozag.
             Slain by a steam dragon (3 damage)
             ... on level 6 of the Dungeon.
             The game lasted 00:05:27 (4074 turns).

MackTheKnife the Martial Artist (OpSh)              Turns: 4074, Time: 00:05:27

Health: -1/54      AC:  1    Str: 14    XL:     8   Next: 40%
Magic:  8/8        EV: 14    Int: 11    God:    Gozag
Gold:   611        SH:  0    Dex: 14    Spells: 7/7 levels left

rFire   . .          .
                       - Unarmed
rCold   . . .        (no shield)
rNeg    + . .        (helmet currently unavailable)
rPois   .            p - amulet of regeneration {@e2}
rElec   .            k - ring of positive energy
rCorr   .            (no ring)
SInv    .            (no ring)
Will    .....        (no ring)
Stlth   ++           (no ring)
HPRegen 1.09/turn    (no ring)
MPRegen 0.11/turn    (no ring)
                     (no ring)

%: no passive effects
@: beast-form, gold aura
A: beast (slay +2), almost no armour, amphibious, 8 rings, camouflage 1,
gelatinous body 1, (nimble swimmer 1), tentacles
a: Begin Untransformation, Renounce Religion, Potion Petition, Call Merchant,
Bribe Branch


You were on level 6 of the Dungeon.
You worshipped Gozag.
Gozag was pleased with you.
You were a hulking beast.
You visited 2 branches of the dungeon, and saw 7 of its levels.
You also visited: Sewer.

You collected 677 gold pieces.
You paid 66 gold pieces to Gozag.


Innate Abilities, Weirdness & Mutations

You are a hulking beast.
Your limbs bulge with bestial killing power. (Slay +2)
You cannot wear most types of armour.
You are amphibious.
You can wear up to eight rings at the same time.
Your skin changes colour to match your surroundings (Stealth+).
Your rubbery body absorbs attacks. (AC +1, EV +1)
((You are camouflaged when in or above water. (Stealth+)))
You have tentacles for arms and can constrict up to eight enemies at once.


   Skills:
 - Level 4.1 Fighting
 + Level 4.6 Dodging
 + Level 8.3 Unarmed Combat
 - Level 3.0 Shapeshifting


You had 7 spell levels left.
You didn't know any spells.
Your spell library contained the following spells:

 Spells                   Type           Power      Damage    Failure   Level
 Lesser Beckoning         Tloc           0%         N/A       47%         2
 Dazzling Flash           Conj/Hex       0%         N/A       71%         3
 Gell's Gravitas          Tloc           0%         N/A       71%         3
 Teleport Other           Tloc           0%         N/A       71%         3
 Tukima's Dance           Hex            0%         N/A       71%         3
 Passage of Golubria      Tloc           0%         N/A       98%         4
 Agony                    Necr           0%         N/A       100%        5
 Silence                  Hex/Air        0%         N/A       100%        5
 Yara's Violent Unravell  Hex/Tmut       0%         3d3       100%        5

Inventory:

Jewellery
 k - a ring of positive energy (left tentacle)
   (You found it on level 2 of the Dungeon)
 p - an amulet of regeneration (around mantle) {@e2}
   (You found it on level 2 of the Dungeon)
 t - an amulet of faith {!P}
   (You found it on level 3 of the Dungeon)
Talismans
 b - a beast talisman (active)
 c - a flux talisman
Scrolls
 d - 3 scrolls of amnesia {unknown}
 i - a scroll of fear {unknown}
 j - 2 scrolls of summoning {unknown}
 m - a scroll of immolation {unknown}
 n - 2 scrolls of poison {unknown}
 o - a scroll of fog {unknown}
 r - 4 scrolls of teleportation {@r4}
 u - a scroll of brand weapon
 w - a scroll of noise {unknown}
Potions
 a - a potion of lignification {!q}
 e - 4 potions of cancellation
 f - 4 potions of curing {@q1}
 g - 3 potions of might {unknown}
 h - a potion of resistance
 l - a potion of experience {unknown}
 q - 2 potions of brilliance {unknown}
 s - 2 potions of heal wounds {unknown}
 v - a potion of haste {unknown}
 z - 2 potions of mutation {unknown}

Dungeon Overview and Level Annotations

Branches:
Dungeon (6/15) Zot: 26618  Temple (1/1) D:4 Zot: 5971   Sewer (visited)

Altars:
Ashenzari
Cheibriados
Elyvilon
Gozag
Kikubaaqudgha
Makhleb
Nemelex Xobeh
Okawaru
Qazlal
Ru
Sif Muna
Trog
Uskayaw
Vehumet
Wu Jian
Yredelemnul
Zin

.P.PPP.P.##......##.# #.# #.##...
.P.....P.##......##.###.# #.##.##
.P.._..P.##...§..##.....# #)##...
.P......)##.....§...#######)#..#.
.P.PPP.P.......§§...'..........#.
..............§....#########..#.
PP............#.......#..#.
......###.....#.###...#..#.
...... #Dh...#.#######..#. .....
#.....#............ ##
..$....###########.# #.......#
#.# .......### #.. ........# ###
.......... ..........


You could see a steam dragon.


Message History

😮 HP[+1]
You bludgeon the iguana! You grab the iguana.
You squeeze the iguana, but do no damage.
You constrict the iguana. The iguana misses you. 😮 HP[+1]
You bludgeon the iguana!
You kill the iguana! 😮 HP[+1]
You now have 581 gold pieces (gained 5). 😮 HP[+2]
You regained 2 hp, and now have 39/54 hp.
There is a stone staircase leading up here. 😮 HP[+1]
You start resting. 😎 HP[+14]
Your hp is fully restored (54).
You now have 590 gold pieces (gained 9).
Things that are here:
a +0 short sword {short}; a +0 leather armour You now have 605 gold pieces (gained 15).
Items here: )))) [[.
Key pressed, stopping explore.
Key pressed, stopping explore.
Key pressed, stopping explore.
g - 3 orange potions (gained 1)
Found a shimmering blue altar of Sif Muna.
Key pressed, stopping explore.
An orc is nearby!
You see here a +0 leather armour.
An orc is nearby!
You bludgeon the orc!
You kill the orc!
No target in view!
No target in view!
You now have 611 gold pieces (gained 6).
You see here a +0 flail {mace}.
v - a ruby potion An orc is nearby!
The steam dragon breathes steam at you.
The ball of steam hits the orc!
The orc dies!
The ball of steam hits you!!
You are too injured to fight recklessly! 😮 HP[-19]
You take 19 damage, and now have 35/54 hp.
MASSIVE DAMAGE!! (PAUSE) 😮 HP[+1] 😮 HP[+1] 😮 HP[+1]
The steam dragon bites you!
The steam dragon closely misses you. 😮 HP[-8]
You take 8 damage, and now have 30/54 hp.
Unknown command.
You barely miss the steam dragon. Your squeeze misses the steam dragon.
The steam dragon barely misses you. The steam dragon claws you. 😮 HP[-1]
You take 1 damage, and now have 29/54 hp.
You tentacle-slap the steam dragon but do no damage.
The steam dragon bites you!
* * * LOW HITPOINT WARNING * * *
The steam dragon misses you. 😨 HP[-6]
You take 6 damage, and now have 23/54 hp.
You bludgeon the steam dragon! Your squeeze misses the steam dragon.
You are engulfed in a cloud of scalding steam.
* * * LOW HITPOINT WARNING * * *
The steam dragon breathes steam at you. The ball of steam misses you. 😨 HP[-7]
You take 7 damage, and now have 16/54 hp.
Unknown command.
You tentacle-slap the steam dragon. 😨 HP[+1] Unknown command.
You bludgeon the steam dragon!
You are engulfed in a cloud of scalding steam.
* * * LOW HITPOINT WARNING * * *
The steam dragon barely misses you.
The steam dragon closely misses you. 😱 HP[-7]
You take 7 damage, and now have 10/54 hp.
Unknown command.
The steam dragon bites you.
* * * LOW HITPOINT WARNING * * *
The steam dragon claws you.
* * * LOW HITPOINT WARNING * * *
😱 HP[-4]
You take 4 damage, and now have 6/54 hp.
Unknown command.
You barely miss the steam dragon. The steam dragon completely misses you.
The steam dragon claws you.
* * * LOW HITPOINT WARNING * * *
😱 HP[-5]
You take 5 damage, and now have 1/54 hp.
You tentacle-slap the steam dragon. The steam dragon misses you.
The steam dragon claws you.
* * * LOW HITPOINT WARNING * * *
You tentacle-slap the steam dragon. The steam dragon barely misses you.
The steam dragon claws you.
You die...
Your body crumbles into a pile of gold.

Skill      XL: |  1  2  3  4  5  6  7  8 |
---------------+-------------------------+-----
Fighting       | 2 3 4 |  4.1
Unarmed Combat | 4 5 6 7 8 |  8.3
Dodging        | 3 4 |  4.6
Shapeshifting  | |  3.0

Action                     |  1- 3 |  4- 6 |  7- 9 || total
---------------------------+-------+-------+-------++-------
  Melee: Unarmed           |    59 |   112 |    90 ||   261
         Constrict         |    17 |    34 |    19 ||    70
         Tentacles         |    13 |    25 |    20 ||    58
         Punch             |     1 |     5 |     6 ||    12
  Evoke: Wand              |       |       |     6 ||     6
    Use: Scroll            |       |     5 |     1 ||     6
   Stab: Sleeping          |     9 |     6 |     7 ||    22
         Distracted        |       |       |     1 ||     1
 Armour: Skin              |     5 |     7 |     3 ||    15
  Dodge: Dodged            |    23 |    46 |    42 ||   111

Levels and vault maps discovered:
D:1:      ncdulo_watergridlock, layout_basic, hangedman_decor_growths,
          minmay_shallow_snake_nest
D:2:      layout_rooms, basic_altar
D:3:      layout_basic, nicolae_yredelemnul_corpse_copse
D:4:      layout_loops_cross, nicolae_qazlal_general_emergency,
          minmay_temple_entry_overgrown
D:5:      dreamdust_elfheim, layout_basic, lemuel_crystal_altar,
          cheibrodos_sewer_entry_sluice
D:6:      layout_basic, mainiacjoe_overflow_concentric_impassable,
          mainiacjoe_overflow_cross_hatched, serial_bayou_lagoon_a,
          kennysheep_donut, nicolae_shop_fire_sale [nicolae_sub_dead_trees],
          uniq_duvessa
Temple:   chequers_temple_sunken

Notes
Turn   | Place    | Note
-------+----------+-------------------------------------------
     0 | D:1      | MackTheKnife the Octopode Shapeshifter began the quest for
                  | the Orb.
     0 | D:1      | Reached XP level 1. HP: 13/13 MP: 1/1
     0 | D:1      | magus.rc [v1.9.6]
    97 | D:1      | Reached XP level 2. HP: 16/18 MP: 2/2
   156 | D:1      | You pick up a book of the Senses and begin reading...
   156 | D:1      | You add the spells Dazzling Flash, Agony and Silence to
                  | your library.
   244 | D:1      | magus.rc [v1.9.6]
   336 | D:1      | Reached skill level 2 in Fighting
   483 | D:1      | Reached XP level 3. HP: 19/24 MP: 3/3
   957 | D:2      | Reached skill level 4 in Unarmed Combat
   957 | D:2      | Reached XP level 4. HP: 25/30 MP: 4/4
   985 | D:2      | You pick up a book of Displacement and begin reading...
   985 | D:2      | You add the spells Lesser Beckoning, Gell's Gravitas and
                  | Teleport Other to your library.
  1153 | D:2      | Reached skill level 3 in Fighting
  1206 | D:2      | Found an iron altar of Okawaru.
  1298 | D:2      | magus.rc [v1.9.6]
  1331 | D:3      | Found a basalt altar of Yredelemnul.
  1344 | D:3      | Reached XP level 5. HP: 32/36 MP: 5/5
  1505 | D:3      | Identified the +1 spear "Bussush" {freeze, *Slow Int+3
                  | Dex+7 Stlth+}
  1771 | D:3      | magus.rc [v1.9.6]
  1855 | D:4      | Reached skill level 4 in Fighting
  1855 | D:4      | Reached skill level 5 in Unarmed Combat
  1855 | D:4      | Reached XP level 6. HP: 26/43 MP: 6/6
  1972 | D:4      | Found a staircase to the Ecumenical Temple.
  1981 | Temple   | Entered the Ecumenical Temple
  1995 | Temple   | Became a worshipper of Gozag Ym Sagoz the Greedy
  2250 | D:4      | Found a stormy altar of Qazlal.
  2431 | D:4      | You add the spells Tukima's Dance, Passage of Golubria and
                  | Yara's Violent Unravelling to your library.
  2538 | D:5      | Entered Level 5 of the Dungeon
  2561 | D:5      | Reached skill level 6 in Unarmed Combat
  2566 | D:5      | Reached XP level 7. HP: 13/48 MP: 7/7
  2566 | D:5      | HP: 12/48 [poisoned by a scorpion]
  2571 | D:5      | HP: 10/48 [poisoned by a scorpion]
  2746 | D:5      | Found a broken altar of Ashenzari.
  2815 | D:5      | Reached skill level 7 in Unarmed Combat
  2928 | D:5      | Found a glowing drain.
  2939 | Sewer    | Entered a sewer
  3075 | Sewer    | Found a viscous altar of Jiyva.
  3387 | D:5      | Reached skill level 3 in Dodging
  3690 | D:6      | Found an ancient bone altar of Kikubaaqudgha.
  3702 | D:6      | Noticed Duvessa
  3702 | D:6      | Noticed Dowan
  3775 | D:6      | Reached XP level 8. HP: 40/54 MP: 8/8
  3779 | D:6      | Reached skill level 4 in Dodging
  3917 | D:6      | Killed Duvessa
  3918 | D:6      | Reached skill level 8 in Unarmed Combat
  3920 | D:6      | Killed Dowan
  4017 | D:6      | Found a shimmering blue altar of Sif Muna.
  4070 | D:6      | HP: 9/54 [steam dragon] (8)]
  4072 | D:6      | HP: 1/54 [steam dragon (6)]
  4074 | D:6      | Slain by a steam dragon

Vanquished Creatures
  Duvessa (D:6)
  An ice beast (D:6)
  An ogre (D:5)
  A centaur (D:5)
  A scorpion (D:5)
  Dowan (D:6)
  A howler monkey (D:5)
  4 jellies (Sewer)
  A hound (D:5)
  3 orc priests
  An iguana (D:6)
  5 orc wizards
  A hound zombie (D:3)
  5 adders
  4 gnolls
  2 river rats (Sewer)
  A shadow imp (D:6)
  A white imp (D:6)
  3 adder zombies (D:3)
  2 worms (D:2)
  3 dart slugs
  11 orcs
  11 ball pythons
  11 endoplasms
  9 giant cockroaches
  6 goblins
  7 hobgoblins
  4 jackals (D:3)
  2 quokkas
  8 bats
  8 frilled lizards
  6 kobolds
  9 rats
135 creatures vanquished.

Vanquished Creatures (others)
  An orc (D:6)
1 creature vanquished.

Grand Total: 136 creatures vanquished

Table legend:
 A = Non-vault XP
 B = Vault XP
 C = Vault XP percentage of total XP
 D = Non-vault monster count
 E = Vault monster count
 F = Vault count percentage of total count
                 A         B        C        D         E       F
            +---------+---------+-------+---------+---------+-------
      Total |    1176 |     493 |  29.5 |      98 |      37 |  27.4
            +---------+---------+-------+---------+---------+-------
        D:1 |      58 |       6 |   9.4 |      26 |       4 |  13.3
        D:2 |      74 |       0 |   0.0 |      19 |       0 |   0.0
        D:3 |      79 |      38 |  32.5 |      19 |       4 |  17.4
        D:4 |     214 |       0 |   0.0 |      17 |       0 |   0.0
        D:5 |     440 |       3 |   0.7 |       9 |       3 |  25.0
        D:6 |     311 |     210 |  40.3 |       8 |       2 |  20.0
      Sewer |       0 |     236 | 100.0 |       0 |      24 | 100.0
            +---------+---------+-------+---------+---------+-------

Skill      XL: |  1  2  3  4  5  6  7  8 |
---------------+-------------------------+-----
Fighting       | 2 3 4 |  4.1
Unarmed Combat | 4 5 6 7 8 |  8.3
Dodging        | 3 4 |  4.6
Shapeshifting  | |  3.0

Action                     |  1- 3 |  4- 6 |  7- 9 || total
---------------------------+-------+-------+-------++-------
  Melee: Unarmed           |    59 |   112 |    90 ||   261
         Constrict         |    17 |    34 |    19 ||    70
         Tentacles         |    13 |    25 |    20 ||    58
         Punch             |     1 |     5 |     6 ||    12
  Evoke: Wand              |       |       |     6 ||     6
    Use: Scroll            |       |     5 |     1 ||     6
   Stab: Sleeping          |     9 |     6 |     7 ||    22
         Distracted        |       |       |     1 ||     1
 Armour: Skin              |     5 |     7 |     3 ||    15
  Dodge: Dodged            |    23 |    46 |    42 ||   111

Illustrated notes

Table legend:
 A = Kills in this place as a percentage of kills in the entire game.
 B = Kills by you in this place as a percentage of kills by you in the entire game.
 C = Kills by friends in this place as a percentage of kills by friends in the entire game.
 D = Other kills in this place as a percentage of other kills in the entire game.
 E = Experience gained in this place as a percentage of experience gained in the entire game.
 F = Experience gained in this place divided by the number of levels of this place that you have seen.
                   A       B       C       D       E      F
               +-------+-------+-------+-------+-------+----------------------
         Total | 100.0 | 100.0 |   N/A |   N/A | 100.0 | 208.6
       Dungeon |  82.2 |  82.2 |   N/A |   N/A |  85.9 | 238.8
         Sewer |  17.8 |  17.8 |   N/A |   N/A |  14.1 | 236.0
               +-------+-------+-------+-------+-------+----------------------

Table legend: (Time is in decaauts)
 A = Elapsed time spent in this place.
 B = Non-inter-level travel time spent in this place.
 C = Inter-level travel time spent in this place.
 D = Time resting spent in this place.
 E = Time spent auto-exploring this place.
 F = Levels seen in this place.
 G = Mean time per level.
                   A        B        C        D        E       F      G
               +--------+--------+--------+--------+--------+-----+--------+
         Total |   4048 |   3720 |    328 |    162 |   2767 |   8 |  506.0 |
       Dungeon |   3698 |   3397 |    301 |    150 |   2571 |   6 |  616.3 |
        Temple |     28 |      1 |     27 |      0 |      0 |   1 |   28.0 |
         Sewer |    321 |    321 |      0 |     12 |    196 |   1 |  321.0 |
               +--------+--------+--------+--------+--------+-----+--------+

Top non-repeatable levels by time:
     D:5: 934 daAuts
     D:1: 816 daAuts
     D:4: 721 daAuts
     D:3: 503 daAuts
     D:2: 488 daAuts
   Sewer: 321 daAuts
     D:6: 234 daAuts
  Temple: 28 daAuts
